[Event "Live Chess"]
[Site "Chess.com"]
[Date "2023.05.20"]
[Round "-"]
[White "profpirate4"]
[Black "LiamBellwood"]
[Result "0-1"]
[WhiteElo "1018"]
[BlackElo "2076"]
[TimeControl "300"]
[EndTime "10:37:10 PDT"]
[Termination "LiamBellwood won by checkmate"]

1. d4 e6 2. c4 f5 3. Nc3 Nf6 4.
f3 Bb4 5. Qc2 O-O 6. a3 Bxc3+ 7.
bxc3 c5 8. e3 Nc6 9. Ne2 d5 10.
cxd5 exd5 11. g3 cxd4 12. cxd4 Re8 13. Bg2 Na5 14. O-O Nc4 15. Qd3 Qe7 16. e4 fxe4 17.
fxe4 Nxe4 18. Re1 Nf6 19. Bf4 Nd6 20. Be5 Nde4 21. Nf4 Be6 22. Rac1 Rac8 23. Rxc8 Rxc8 24. Nxe6 Qxe6 25. Qb5 Qc6 26. Qb2 Qc2 27. Qxb7 Qf2+ 28. Kh1 Qxe1+ 29. Bf1 Qxf1# 0-1

[Event "Live Chess"]
[Site "Chess.com"]
[Date "2023.05.20"]
[Round "-"]
[White "MaximKhimchenko"]
[Black "NatashaRegan"]
[Result "0-1"]
[WhiteElo "1345"]
[BlackElo "1886"]
[TimeControl "300"]
[EndTime "10:37:11 PDT"]
[Termination "NatashaRegan won by resignation"]

1. e4 Nf6 2. Nf3 Nxe4 3. Bd3 d5 4. O-O Bg4 5. Re1 Ng5 6. h3 Bxf3 7. gxf3 Nxh3+ 8. Kg2 Nf4+ 9. Kf1 e6 10. Nc3 Qh4 11. Kg1 Bd6 0-1

[Event "Live Chess"]
[Site "Chess.com"]
[Date "2023.05.20"]
[Round "-"]
[White "bedsdrout"]
[Black "Prijmak"]
[Result "0-1"]
[WhiteElo "417"]
[BlackElo "998"]
[TimeControl "300"]
[EndTime "10:37:12 PDT"]
[Termination "Prijmak won by checkmate"]

1. e4 e5 2. Bc4 Nc6 3. Qh5 Qe7 4. Nc3 Nf6 5. Qh4 Nd4 6. Nd5 Nxd5 7. Bxd5 Nxc2+ 8.
Kd1 Qxh4 9. Nf3 Qe7 10. Kxc2 c6 11. Bb3 a5 12. d3 a4 13. Bxa4 Rxa4 14. Bg5 Qc5+ 15.
Kb3 Rb4+ 16. Ka3 Rxe4+ 17. Kb3 Rb4+ 18. Ka3 Rb5+ 19. Ka4 Qb4# 0-1

[Event "Live Chess"]
[Site "Chess.com"]
[Date "2023.05.20"]
[Round "-"]
[White "mliszewski"]
[Black "PiotrD11"]
[Result "1-0"]
[WhiteElo "1898"]
[BlackElo "1330"]
[TimeControl "300"]
[EndTime "10:37:14 PDT"]
[Termination "mliszewski won by checkmate"]

1. d4 d5 2. Bf4 Nf6 3. e3 Bf5 4. c4 e6 5. Nc3 Be7 6. Nf3 O-O 7.
Qb3 b6 8. Nh4 Nc6 9. Nxf5 exf5 10. cxd5 Na5 11. Qb5 a6 12. Qd3 Nxd5 13. Qxf5 Nxc3 14.
bxc3 Bd6 15. Bd3 Bxf4 16. Qxh7# 1-0

[Event "Live Chess"]
[Site "Chess.com"]
[Date "2023.05.20"]
[Round "-"]
[White "tpm07"]
[Black "kevinmilleruk"]
[Result "0-1"]
[WhiteElo "1971"]
[BlackElo "1117"]
[TimeControl "300"]
[EndTime "10:37:21 PDT"]
[Termination "kevinmilleruk won by resignation"]

1. e4 e5 2. Nf3 Nc6 3. Bb5 Bc5 4. O-O Nf6 5. Nxe5 Nxe5 6. d4 Nf3+ 7. gxf3 Bb6 8. Kh1 O-O 9. c4 a6 10. Ba4 d6 11. b4 c5 12. d5 cxb4 13. Bg5 a5 14. Nd2 Bd7 15. Rg1 Bxa4 16. Qxa4 Bxf2 17. Rg2 Bd4 18.
Nb3 Bc3 19. Rag1 h6 20. Bxh6 Nh5 21. Bxg7 Nxg7 22. Rxg7+ Bxg7 23. Qb5 Qf6 24. Rg3 a4 25. Nd2 Qa1+ 26. Kg2 Qxa2 27. Kh3 Qxd2 28. Qd7 Qh6+ 29. Kg2 a3 30. Qf5 a2 31. Rh3 Qg6+ 0-1

[Event "Live Chess"]
[Site "Chess.com"]
[Date "2023.05.20"]
[Round "-"]
[White "misha464"]
[Black "Reggie016"]
[Result "0-1"]
[WhiteElo "758"]
[BlackElo "1078"]
[TimeControl "300"]
[EndTime "10:37:27 PDT"]
[Termination "Reggie016 won by resignation"]

1. e4 e6 2. Qe2 Nc6 3. Nc3 b6 4. d4 Bb7 5. d5 Nd4 6. Qc4 Nxc2+ 7. Kd2 Nxa1 8. dxe6 dxe6+ 9. Ke3 Bc5+ 10. Kf3 Qf6+ 11. Ke2 0-1

[Event "Live Chess"]
[Site "Chess.com"]
[Date "2023.05.20"]
[Round "-"]
[White "mach247"]
[Black "stevefairhurst"]
[Result "0-1"]
[WhiteElo "1309"]
[BlackElo "573"]
[TimeControl "300"]
[EndTime "10:37:36 PDT"]
[Termination "stevefairhurst won on time"]

1. e4 e5 2. Nf3 Nc6 3. Bc4 Nf6 4. d3 Bb4+ 5. c3 Ba5 6. O-O O-O 7. b4 Bb6 8. a4 a6 9. h3 Ne7 10. Be3 Bxe3 11.
fxe3 Ng6 12. Nbd2 d6 13. b5 axb5 14. axb5 Rxa1 15. Qxa1 Bd7 16. Rb1 Qc8 17. Bd5 Bxh3 18. gxh3 Qxh3 19. Rf1 Ng4 20. Qe1 Rb8 21. Rf2 Nxf2 22.
Qxf2 Ra8 23. Bxf7+ Kh8 24. Bxg6 Ra1+ 25. Ne1 Qg4+ 26. Kf1 Qh3+ 27. Ke2 Qg4+ 28. Kf1 hxg6 29. Qf8+ Kh7 30. Qf3 Qxf3+ 31. Nxf3 Rb1 32. c4 Kh6 33. Kg2 Kh5 34. Kg3 g5 35. Ng2 Rb3 36. Nfe1 Rb2 37.
d4 Rb1 38. d5 Rc1 39. Kf3 Rxc4 0-1

[Event "Live Chess"]
[Site "Chess.com"]
[Date "2023.05.20"]
[Round "-"]
[White "TDCMF"]
[Black "ACx04"]
[Result "1-0"]
[WhiteElo "350"]
[BlackElo "423"]
[TimeControl "300"]
[EndTime "10:37:40 PDT"]
[Termination "TDCMF won by checkmate"]

1. e4 e5 2. Nf3 Nc6 3. Bc4 h6 4. Nc3 Bc5 5. O-O Nf6 6. h3 Nd4 7. Nxe5 d6 8. Nxf7 Be6 9. Nxd8 Rxd8 10. Bxe6 Nxe6 11. b3 a6 12. Bb2 O-O 13. Qe2 b5 14. a3 b4 15. Na4 Nd4 16. Bxd4 Bxd4 17. Qd3 Bxa1 18. Rxa1 bxa3 19. Rxa3 g5 20. Qc3 Rc8 21. Qb4 Rfe8 22. Qb7 c5 23. Qxa6 Nxe4 24. d3 Ra8 25.
Qb5 h5 26. Nb6 Rxa3 27. Qxe8+ Kg7 28. Qxe4 Ra1+ 29. Kh2 Rf1 30. g3 Rxf2+ 31. Kg1 Rxc2 32. Qe7+ Kg6 33. Qxd6+ Kf5 34. d4 cxd4 35. Qxd4 Rc1+ 36.
Kg2 Rc2+ 37. Kf3 g4+ 38. Ke3 gxh3 39. Qd3+ Kg4 40. Qxc2 Kxg3 41. Qf2+ Kg4 42. Qf3+ Kg5 43. Qxh3 Kh6 44. Qe6+ Kg5 45. Kf3 Kh4 46. Qf6+ Kh3 47.
Qf5+ Kh2 48. Kf2 Kh1 49. Qxh5# 1-0

[Event "Live Chess"]
[Site "Chess.com"]
[Date "2023.05.20"]
[Round "-"]
[White "Singapourfeuj"]
[Black "Delacorta"]
[Result "1-0"]
[WhiteElo "2251"]
[BlackElo "1393"]
[TimeControl "300"]
[EndTime "10:37:47 PDT"]
[Termination "Singapourfeuj won by resignation"]

1. e4 e6 2. d4 d5 3. Nc3 dxe4 4. f3 Nf6 5. fxe4 Nbd7 6. Nf3 b6 7. Bd3 Bb7 8. O-O Be7 9. Qe1 O-O 10. Bg5 c5 11. e5 Nd5 12. Qh4 g6 13. Nxd5 Bxd5 14. Bxe7 1-0

[Event "Live Chess"]
[Site "Chess.com"]
[Date "2023.05.20"]
[Round "-"]
[White "BostonStrangler"]
[Black "Olisingapore"]
[Result "1-0"]
[WhiteElo "2097"]
[BlackElo "1935"]
[TimeControl "300"]
[EndTime "10:37:54 PDT"]
[Termination "BostonStrangler won by resignation"]

1. Nf3 d5 2. g3 c5 3. Bg2 Nc6 4. O-O Nf6 5. d4 cxd4 6. Nxd4 Nxd4 7. Qxd4 Bf5 8. c4 e6 9. cxd5 exd5 10. Nc3 Be6 11.
Bf4 b6 12. e4 Bc5 13. Qa4+ Bd7 14. Qb3 d4 15. e5 Nh5 16. Bxa8 Qxa8 17. Nd5 Be6 18.
Nc7+ 1-0

[Event "Live Chess"]
[Site "Chess.com"]
[Date "2023.05.20"]
[Round "-"]
[White "Enhard"]
[Black "luckywookie"]
[Result "1-0"]
[WhiteElo "1438"]
[BlackElo "732"]
[TimeControl "300"]
[EndTime "10:37:58 PDT"]
[Termination "Enhard won by resignation"]

1. d4 d5 2. c4 c6 3. Nc3 Nf6 4.
a3 Bf5 5. Bg5 Nbd7 6. e3 e6 7.
Nf3 Bg4 8. Be2 Bd6 9. O-O O-O 10. cxd5 cxd5 11. Bxf6 Nxf6 12. h3 Bxf3 13. Bxf3 Rc8 14.
Rc1 Qe7 15. Nb5 e5 16. Nxd6 Qxd6 17. dxe5 Qxe5 18. Rxc8 Rxc8 19. b4 h6 20. Qd2 Ne4 21. Bxe4 Qxe4 22. Rd1 Rd8 23. Qd3 Qxd3 24. Rxd3 Kf8 25.
Kf1 Ke7 26. Ke2 Ke6 27. Rd4 Ke5 28. Kd3 Rc8 29. Kd2 b5 30. f4+ Ke6 31. e4 dxe4 32. Rxe4+ Kf6 33. Kd3 Rc7 34. g3 g6 35. Re5 a6 36.
Kd4 Rc2 37. Re3 Kf5 38. Re5+ Kf6 39. Re3 Kf5 40. Kd5 g5 41. fxg5 hxg5 42. Re5+ Kf6 43.
Re3 Rc4 44. Rf3+ Kg6 45. Ke5 f6+ 46. Rxf6+ Kh5 47. Rf3 Rc5+ 48. bxc5 1-0

[Event "Live Chess"]
[Site "Chess.com"]
[Date "2023.05.20"]
[Round "-"]
[White "lord_cll"]
[Black "VovaOvchar1990"]
[Result "1-0"]
[WhiteElo "1202"]
[BlackElo "1180"]
[TimeControl "300"]
[EndTime "10:38:00 PDT"]
[Termination "lord_cll won on time"]

1. e4 d5 2. exd5 Qxd5 3. Nc3 Qe5+ 4. Be2 Bf5 5. Nf3 Qb5 6. Bxb5+ c6 7. Bc4 e6 8. d3 f6 9. Qe2 Bc5 10. Be3 Bd6 11. O-O-O Ne7 12. Nd4 Bg6 13. Nxe6 Nd7 14. Nxg7+ Kd8 15. Ne6+ Kc8 16. Bf4 Bb4 17. Ne4 Nf5 18.
a3 Ba5 19. Nd6+ Nxd6 20. Bxd6 Re8 21. Qg4 a6 22. b4 Bd8 23. Rhe1 b5 24. Bb3 Kb7 25.
Nc5+ Nxc5 26. Bxc5 Bc7 27. Rxe8 Rxe8 28. Qd7 Rd8 29.
Qg7 Kc8 30. Be6+ Kb8 31. Qe7 Bf4+ 32. Kb2 Be5+ 33. c3 Bc7 34. Be3 Re8 35. Qg7 Rxe6 36. Re1 Kb7 37. f4 Bxd3 38. g3 1-0

[Event "Live Chess"]
[Site "Chess.com"]
[Date "2023.05.20"]
[Round "-"]
[White "SavagePawn7"]
[Black "YF22Raptor"]
[Result "0-1"]
[WhiteElo "750"]
[BlackElo "1012"]
[TimeControl "300"]
[EndTime "10:38:07 PDT"]
[Termination "YF22Raptor won by resignation"]

1. e4 c6 2. Bc4 d5 3. exd5 cxd5 4. Bb3 Nc6 5. Qf3 Nf6 6. Nc3 e6 7. Ba4 Bd7 8. Qe3 b6 9. Nf3 Bc5 10. Qg5 Bxf2+ 11. Kxf2 O-O 12. Bxc6 Bxc6 13. d3 h6 14. Qh4 d4 15. Ng5 hxg5 16. Bxg5 dxc3 17. bxc3 b5 18.
g4 Bxh1 19. Bxf6 Qxf6+ 20. Qxf6 gxf6 21. Kg1 Bf3 22. Kf2 Bxg4 23. Kg3 Bh5 24. Rd1 Bg6 25. Rf1 Rac8 26. Rxf6 Rxc3 27. Kg4 Rxc2 28. Kg5 Rxh2 29. Rxg6+ fxg6 30. Kxg6 Rg2+ 31. Kh5 Rf7 0-1

[Event "Live Chess"]
[Site "Chess.com"]
[Date "2023.05.20"]
[Round "-"]
[White "CheckThis4"]
[Black "domrobson"]
[Result "1-0"]
[WhiteElo "2546"]
[BlackElo "1742"]
[TimeControl "300"]
[EndTime "10:38:39 PDT"]
[Termination "CheckThis4 won by checkmate"]

1. d4 Nf6 2. Nc3 e6 3. e4 d5 4. e5 Nfd7 5. f4 c5 6. Nf3 Qb6 7. Na4 Qc7 8. c3 a6 9. Be3 cxd4 10. cxd4 b5 11. Nc3 Be7 12. Rc1 Qd8 13. Bd3 O-O 14. O-O f6 15. f5 fxe5 16. fxe6 Nb6 17. Nxe5 Bxe6 18. Qh5 h6 19. Bxh6 gxh6 20. Qg6+ Kh8 21. Qh7# 1-0

[Event "Live Chess"]
[Site "Chess.com"]
[Date "2023.05.20"]
[Round "-"]
[White "flyingpuffins"]
[Black "mightysmasher"]
[Result "1-0"]
[WhiteElo "1976"]
[BlackElo "2092"]
[TimeControl "300"]
[EndTime "10:38:41 PDT"]
[Termination "flyingpuffins won by checkmate"]

1. e4 e6 2. d4 d5 3. e5 c5 4. c3 Nc6 5. Nf3 Bd7 6. Bd3 Qb6 7. dxc5 Bxc5 8. O-O Nh6 9. Nbd2 Ng4 10. Qe2 O-O 11.
h3 Nh6 12. Nb3 Be7 13. Bxh6 gxh6 14. Nfd4 Qc7 15. Nxc6 bxc6 16. Qh5 Kg7 17. f4 c5 18. Rf3 c4 19. Rg3+ Bg5 20. Rxg5+ Kh8 21. Qxh6 cxd3 22. Qg7# 1-0

[Event "Live Chess"]
[Site "Chess.com"]
[Date "2023.05.20"]
[Round "-"]
[White "Dark_Night123"]
[Black "lHolyDiverl"]
[Result "1-0"]
[WhiteElo "1582"]
[BlackElo "562"]
[TimeControl "300"]
[EndTime "10:38:55 PDT"]
[Termination "Dark_Night123 won by resignation"]

1. e4 c6 2. d4 d5 3. f3 dxe4 4. fxe4 Nf6 5. Nc3 Na6 6. Bxa6 bxa6 7. Nf3 c5 8. d5 Bg4 9. O-O e6 10. dxe6 Qxd1 11. exf7+ Kxf7 12. Rxd1 Be7 13. Ne5+ 1-0

[Event "Live Chess"]
[Site "Chess.com"]
[Date "2023.05.20"]
[Round "-"]
[White "Missedidea"]
[Black "ramses-IIG"]
[Result "1-0"]
[WhiteElo "1616"]
[BlackElo "773"]
[TimeControl "300"]
[EndTime "10:39:02 PDT"]
[Termination "Missedidea won by checkmate"]

1. d4 d5 2. c4 Nc6 3. Nc3 dxc4 4. d5 b5 5. dxc6 Qd6 6. Qxd6 exd6 7. Nxb5 Ba6 8.
Nxc7+ Kd8 9. Nxa8 Bb5 10. c7+ Kc8 11. e4 Bc6 12. Bxc4 f6 13. Be6+ Bd7 14. Bxd7+ Kxd7 15. Bf4 Ne7 16. O-O-O Kc8 17. Rxd6 Ng6 18. Rd8+ Kb7 19. c8=Q# 1-0

[Event "Live Chess"]
[Site "Chess.com"]
[Date "2023.05.20"]
[Round "-"]
[White "Ra2orLeaf"]
[Black "garyjc"]
[Result "0-1"]
[WhiteElo "1130"]
[BlackElo "1035"]
[TimeControl "300"]
[EndTime "10:39:07 PDT"]
[Termination "garyjc won by resignation"]

1. c4 Nf6 2. Nc3 g6 3. e3 Bg7 4.
Nf3 O-O 5. d4 d6 6. Bd3 Nbd7 7.
Bd2 Re8 8. Kf1 e5 9. dxe5 dxe5 10. e4 Nc5 11. Qc2 Nxd3 12. h4 Nb4 13. h5 Nxc2 14. hxg6 fxg6 15. Rd1 Nd4 16. Nxd4 exd4 17. Nd5 Nxd5 18.
cxd5 Bg4 19. f3 Bh5 20. g4 Qf6 21. gxh5 Qxf3+ 22. Ke1 Rxe4+ 23. Be3 0-1

[Event "Live Chess"]
[Site "Chess.com"]
[Date "2023.05.20"]
[Round "-"]
[White "koljadar"]
[Black "MMmaaxxxx"]
[Result "0-1"]
[WhiteElo "1519"]
[BlackElo "2023"]
[TimeControl "300"]
[EndTime "10:39:24 PDT"]
[Termination "MMmaaxxxx won by resignation"]

1. d4 d5 2. c4 e5 3. dxe5 d4 4. Nf3 Nc6 5. e3 Bb4+ 6. Bd2 dxe3 7. fxe3 Bg4 8. Be2 Nge7 9. O-O Bxd2 10. Nbxd2 Ng6 11.
Qa4 O-O 12. Rad1 Qe7 13. Nd4 Bxe2 14. Nxe2 Ngxe5 15. Qb3 Rab8 16. Nf4 Rfd8 17. Nd5 Qc5 18. Nf3 Qxc4 19. Nxc7 Qxb3 20. Rxd8+ Rxd8 21. axb3 a6 22. e4 Rd3 23. Nxe5 Nxe5 24. b4 Rd4 25. Nd5 Rxe4 26.
Rc1 Nc6 27. Kf2 f5 28. h3 Nxb4 29. Ne3 Nd3+ 0-1

[Event "Live Chess"]
[Site "Chess.com"]
[Date "2023.05.20"]
[Round "-"]
[White "MaximKhimchenko"]
[Black "terrub10"]
[Result "1-0"]
[WhiteElo "1346"]
[BlackElo "796"]
[TimeControl "300"]
[EndTime "10:39:24 PDT"]
[Termination "MaximKhimchenko won by checkmate"]

1. e4 e5 2. Nf3 Nc6 3. Bc4 Nf6 4. d4 d5 5. exd5 exd4 6. dxc6 bxc6 7. O-O Bg4 8. Re1+ Ne4 9. Rxe4+ Be7 10. Rxg4 d3 11. Bxf7+ Kxf7 12. Ne5+ Ke6 13. Qe1 a5 14. Nxc6+ Kd7 15. Nxd8 Bb4 16. Rd4+ Kc8 17. Qe6+ Kb8 18. Nc6+ Kb7 19. Nxb4 Ra6 20. Qxa6+ Kb8 21. Nc6# 1-0

[Event "Live Chess"]
[Site "Chess.com"]
[Date "2023.05.20"]
[Round "-"]
[White "Yehor20132013"]
[Black "Mikhail_Golubev"]
[Result "0-1"]
[WhiteElo "560"]
[BlackElo "2541"]
[TimeControl "300"]
[EndTime "10:39:25 PDT"]
[Termination "Mikhail_Golubev won by checkmate"]

1. e4 d6 2. d4 Nd7 3. Bb5 c6 4. Bc4 Ngf6 5. e5 dxe5 6. Nf3 exd4 7. Nxd4 Nb6 8. O-O Nxc4 9. Qd3 Nb6 10. Bg5 e6 11.
Bxf6 gxf6 12. Qc3 Nd5 13. Qa5 Qxa5 14. Nb5 cxb5 15. Rd1 Rg8 16. Rd3 Qe1# 0-1

[Event "Live Chess"]
[Site "Chess.com"]
[Date "2023.05.20"]
[Round "-"]
[White "AttackingSnowLeopard"]
[Black "OceanFloater"]
[Result "1-0"]
[WhiteElo "2070"]
[BlackElo "988"]
[TimeControl "300"]
[EndTime "10:39:33 PDT"]
[Termination "AttackingSnowLeopard won by checkmate"]

1. d4 c6 2. c4 d5 3. cxd5 cxd5 4. Nf3 Nf6 5. Bg5 e6 6. Nc3 h6 7. Bxf6 Qxf6 8. e4 Bb4 9. e5 Qf5 10. Bd3 Qg4 11. O-O Nc6 12. h3 Qh5 13. Nb5 Kd7 14.
a3 Ba5 15. b4 Bb6 16. Rc1 f6 17. exf6 gxf6 18. Ne5+ fxe5 19. Qxh5 e4 20. Qf7+ Ne7 21. Bxe4 dxe4 22. d5 exd5 23. Rfd1 Kd8 24. Rxd5+ Nxd5 25. Qxd5+ Bd7 26. Nd6 Rc8 27. Rxc8+ Bxc8 28. Nf7+ Ke8 29. Nxh8 e3 30. fxe3 Bxe3+ 31. Kh1 Bc1 32. Qf7+ Kd8 33.
Ng6 Bxa3 34. Qe7# 1-0

[Event "Live Chess"]
[Site "Chess.com"]
[Date "2023.05.20"]
[Round "-"]
[White "Ayush_prahlad_Gupta"]
[Black "McSlash1"]
[Result "0-1"]
[WhiteElo "1793"]
[BlackElo "2069"]
[TimeControl "300"]
[EndTime "10:39:34 PDT"]
[Termination "McSlash1 won by checkmate"]

1. e4 c5 2. Nc3 Nc6 3. Bc4 g6 4. d3 Bg7 5. h4 e6 6. Nf3 Nge7 7. h5 d5 8. exd5 exd5 9. Bb5 O-O 10.
hxg6 hxg6 11. Ng5 Nf5 12. Qf3 d4 13. Nce4 Qa5+ 14. Bd2 Qxb5 15. Qf4 Nb4 16. Qh2 Nh6 17. Nf6+ Bxf6 18. Qxh6 Re8+ 19. Be3 Nxc2+ 20. Kd2 dxe3+ 21.
Kxc2 Qxb2+ 22. Kd1 Qd2# 0-1

[Event "Live Chess"]
[Site "Chess.com"]
[Date "2023.05.20"]
[Round "-"]
[White "KeithArkell"]
[Black "viktorskliarov"]
[Result "1/2-1/2"]
[WhiteElo "2612"]
[BlackElo "2649"]
[TimeControl "300"]
[EndTime "10:39:36 PDT"]
[Termination "Game drawn by repetition"]

1. d4 Nf6 2. Nf3 g6 3. c4 Bg7 4. Nc3 O-O 5. g3 d5 6. cxd5 Nxd5 7. Bg2 c5 8. O-O cxd4 9. Nxd4 Nxc3 10. bxc3 a6 11.
Ba3 Qc7 12. Qb3 Nc6 13. Nxc6 bxc6 14. Qc4 Be6 15. Qxc6 Qxc6 16. Bxc6 Rac8 17. Bb7 Rxc3 18. Bxe7 Re8 19. Bb4 Rc7 20. Bxa6 Bxa1 21. Rxa1 Ra8 22. Bd3 Rxa2 23. Rxa2 Bxa2 24. Kg2 Bc4 25. Bxc4 Rxc4 26. Bd6 f5 27. h3 Kf7 28. f3 Ke6 29. Bf4 Rc2 30.
Kf2 Kd5 31. Ke3 Kc4 32. g4 Ra2 33. gxf5 gxf5 34. h4 h5 35. Bg5 Kd5 36. Bf6 Ke6 37. Bg5 Kd5 38. Bf6 Ke6 39. Bg5 Kd5 1/2-1/2

[Event "Live Chess"]
[Site "Chess.com"]
[Date "2023.05.20"]
[Round "-"]
[White "booktrunk"]
[Black "CheckString"]
[Result "0-1"]
[WhiteElo "1347"]
[BlackElo "1259"]
[TimeControl "300"]
[EndTime "10:39:39 PDT"]
[Termination "CheckString won by resignation"]

1. d4 c6 2. Bf4 d5 3. Nf3 Bg4 4. h3 Bxf3 5. exf3 Qb6 6. b3 Nd7 7. Bd3 Qxd4 8. c3 Qxf4 9. Nd2 Ngf6 10. g3 Qd6 11. O-O g6 12. c4 Ne5 13. Bc2 Bg7 14. f4 Ned7 15. cxd5 Nxd5 16. Qe2 Bxa1 17. Rxa1 O-O 18. f5 gxf5 19. Re1 e6 20. Qh5 N5f6 21. Qg5+ Kh8 22. Nf3 Qb4 23. Ne5 Qxe1+ 24. Kg2 Qxe5 25. f4 Qd5+ 0-1

[Event "Live Chess"]
[Site "Chess.com"]
[Date "2023.05.20"]
[Round "-"]
[White "ossie57"]
[Black "JoeyCage"]
[Result "0-1"]
[WhiteElo "1869"]
[BlackElo "2296"]
[TimeControl "300"]
[EndTime "10:39:41 PDT"]
[Termination "JoeyCage won on time"]

1. d4 g6 2. Nc3 Bg7 3. Bf4 d6 4. e4 Nd7 5. Nf3 Ngf6 6. Qd2 O-O 7. h4 h5 8. O-O-O Ng4 9. Nh2 e5 10.
dxe5 dxe5 11. Bg5 f6 12. Nxg4 fxg5 13. Qd5+ Kh7 14. hxg5 Qxg5+ 15. Ne3 Nb6 16. Qc5 c6 17.
Be2 Be6 18. g4 h4 19. Kb1 Kg8 20. Ng2 Rad8 21. Rxd8 Rxd8 22. Nxh4 Bxg4 23. Bxg4 Qxg4 24. Qe7 Qd7 25. Nxg6 Qxe7 26. Nxe7+ Kf7 27. Nf5 Kf6 28. Nxg7 Kxg7 29. Kc1 Nc4 30. Rd1 Rxd1+ 31. Kxd1 Nxb2+ 32. Ke2 Nc4 33. Na4 b6 34. Kd3 Nd6 35. Ke3 Kf6 36.
Nc3 Nc4+ 37. Kd3 b5 38. a4 Nb2+ 39. Ke3 Nxa4 40. Ne2 Nc5 41. f4 exf4+ 42. Nxf4 a5 43. Ne2 Ne6 44. Nc3 Ke5 45. Nb1 b4 46. c3 c5 47.
cxb4 axb4 48. Kd3 Kd6 49. Kc4 Nf4 50. Nd2 Ng6 51. Nb3 Ne5+ 52. Kb5 Nd7 0-1

[Event "Live Chess"]
[Site "Chess.com"]
[Date "2023.05.20"]
[Round "-"]
[White "YrrriKharkiv"]
[Black "f4nomore"]
[Result "1-0"]
[WhiteElo "2038"]
[BlackElo "1375"]
[TimeControl "300"]
[EndTime "10:39:48 PDT"]
[Termination "YrrriKharkiv won on time"]

1. d4 g6 2. c4 Bg7 3. Nc3 d6 4.
h3 a6 5. e4 Nd7 6. Be2 b6 7. Nf3 Bb7 8. Be3 Ngf6 9. Qc2 O-O 10. Rd1 c5 11. d5 b5 12. cxb5 axb5 13. Bxb5 Ba6 14. Bxa6 Rxa6 15. O-O Nb6 16. Nd2 Qa8 17. Qd3 Nfd7 18. f4 Na4 19. Rb1 Nxc3 20. bxc3 Ra3 21. Rfc1 Qa7 22. Nc4 Rxa2 23. Rc2 Rxc2 24.
Qxc2 Ra8 25. Bd2 Qa2 26. Ne3 Qxc2 27. Nxc2 Nf6 28. e5 Nxd5 29. exd6 exd6 30. c4 Nc3 31. Bxc3 Bxc3 32. Ne1 Ra2 33. Rd1 Bd4+ 34. Kh2 Rf2 35.
Nf3 Rc2 36. Nxd4 cxd4 37. Rxd4 Kg7 38. h4 Kf6 39. Rxd6+ Ke7 40. Rc6 Kd7 41. Rc5 Kd6 42. Rd5+ Kc6 43. Rd4 Kc5 44. Rd7 Rxc4 45. Rxf7 Kd5 46.
Kh3 Ke6 47. Rxh7 Rxf4 48. Ra7 1-0

[Event "Live Chess"]
[Site "Chess.com"]
[Date "2023.05.20"]
[Round "-"]
[White "flyingpuffins"]
[Black "profpirate4"]
[Result "1-0"]
[WhiteElo "1976"]
[BlackElo "1018"]
[TimeControl "300"]
[EndTime "10:39:54 PDT"]
[Termination "flyingpuffins won by resignation"]

1. e4 c5 2. Nf3 d6 3. d4 cxd4 4.
Nxd4 Nf6 5. Nc3 a6 6. Bc4 e6 7. Bb3 Nc6 8. O-O e5 9. Nde2 b5 10. Bg5 b4 11. Nd5 Nxd5 12. Bxd8 1-0

[Event "Live Chess"]
[Site "Chess.com"]
[Date "2023.05.20"]
[Round "-"]
[White "18Ziyad"]
[Black "WilliamofOrange16th"]
[Result "0-1"]
[WhiteElo "986"]
[BlackElo "1881"]
[TimeControl "300"]
[EndTime "10:39:58 PDT"]
[Termination "WilliamofOrange16th won by resignation"]

1. e4 d5 2. exd5 Qxd5 3. Nc3 Qd8 4. Nf3 Nf6 5. d4 c6 6. Bd3 Bg4 7. Bf4 e6 8. O-O Be7 9. Bg3 O-O 10. Ne4 Nxe4 11. Bxe4 Nd7 12. c4 Nf6 13. Bc2 Qd7 14. Be5 Rfd8 15. h3 Bh5 16. Qd3 Bg6 17. Qd2 Bxc2 18.
Qxc2 c5 19. Rfd1 cxd4 20. Rxd4 Qc6 21. Rad1 Rxd4 22. Rxd4 h6 23. Qd2 Rc8 24. Rd3 Ne4 25. Qe2 Qxc4 26. Nd2 Nxd2 27. Qxd2 Qc1+ 28. Qxc1 Rxc1+ 29. Kh2 Rc2 30. Rd7 Bc5 31. Rxb7 Rxf2 32. Rc7 Bb6 33.
Rc8+ Kh7 34. Rf8 f6 35. Bc3 Kg6 36. Re8 Re2 37. Re7 Bc5 38. h4 Bxe7 0-1

[Event "Live Chess"]
[Site "Chess.com"]
[Date "2023.05.20"]
[Round "-"]
[White "Sacbutt"]
[Black "NAZRIZ1977"]
[Result "1/2-1/2"]
[WhiteElo "2208"]
[BlackElo "2146"]
[TimeControl "300"]
[EndTime "10:40:04 PDT"]
[Termination "Game drawn - insufficient material"]

1. d4 Nf6 2. c4 c5 3. d5 b5 4.
cxb5 a6 5. bxa6 g6 6. Nc3 d6 7. Nf3 Bxa6 8. g3 Bg7 9. Bg2 O-O 10. O-O Qa5 11. Rb1 Nbd7 12. Qc2 Rfb8 13. Rd1 Ne8 14.
Bd2 Nc7 15. b3 Nb5 16. Nxb5 Qxb5 17. e4 Qd3 18. Qc1 Qxe4 19. Bc3 Bxc3 20. Qxc3 Qg4 21. Re1 Re8 22. b4 Rab8 23. a3 cxb4 24. axb4 Nf6 25.
Nd4 Bb5 26. h3 Qd7 27. Nc6 Rbc8 28. Rec1 Ra8 29. Re1 h5 30. Nxe7+ Rxe7 31. Qxf6 Rae8 32. Rxe7 Qxe7 33. Qxe7 Rxe7 34. Bf1 Rb7 35. f4 Kf8 36. Kf2 Ke7 37. Bg2 h4 38. g4 Kd7 39. Ke3 Rb8 40. Kd4 Re8 41. Bf1 Bxf1 42. Rxf1 f5 43. gxf5 gxf5 44. Rg1 Re4+ 45. Kc3 Rxf4 46. Rg7+ Kc8 47.
b5 Rf3+ 48. Kb4 Rxh3 49. Ka5 Rg3 50. Rf7 h3 51. Rxf5 h2 52. Rh5 Rg5 53. Rxh2 Rxd5 54.
Kb6 Rc5 55. Rh6 Kd7 56. Rh7+ Ke6 57. Ka6 Rc1 58. b6 Ra1+ 59. Kb5 d5 60. b7 d4 61. Kc4 Rb1 62. Kxd4 Kd6 63. Kc4 Kc6 64. Kd4 Rxb7 65. Rxb7 Kxb7 1/2-1/2

[Event "Live Chess"]
[Site "Chess.com"]
[Date "2023.05.20"]
[Round "-"]
[White "HoarseyHorsey"]
[Black "smoggyrabbit"]
[Result "0-1"]
[WhiteElo "1392"]
[BlackElo "1616"]
[TimeControl "300"]
[EndTime "10:40:14 PDT"]
[Termination "smoggyrabbit won by resignation"]

1. d4 e6 2. c4 f5 3. Nc3 Nf6 4. Bg5 Bb4 5. e3 O-O 6. h4 d6 7. Nf3 Nbd7 8. Bd3 h6 9. Bxf6 Nxf6 10.
Qc2 Qe8 11. O-O-O Bxc3 12. Qxc3 Ne4 13. Qc2 d5 14. cxd5 exd5 15. Ne5 Be6 16. f3 Nd6 17. Rdf1 b6 18. g4 c5 19. gxf5 Nxf5 20. e4 Ne3 21.
Qd2 Nxf1 22. Rxf1 cxd4 23. Kb1 dxe4 24. Bxe4 Rc8 25. Qd3 Bxa2+ 26. Kxa2 Qxe5 27. Re1 Qa5+ 28. Kb1 Qxe1+ 0-1

[Event "Live Chess"]
[Site "Chess.com"]
[Date "2023.05.20"]
[Round "-"]
[White "gmnorfolk"]
[Black "Conradical12"]
[Result "1-0"]
[WhiteElo "2135"]
[BlackElo "1536"]
[TimeControl "300"]
[EndTime "10:40:23 PDT"]
[Termination "gmnorfolk won on time"]

1. d4 d5 2. c4 c6 3. Nf3 Nf6 4. e3 e6 5. Nbd2 Bd6 6. b3 O-O 7. Bd3 Nbd7 8. Qe2 a5 9. e4 dxe4 10. Nxe4 Nxe4 11. Qxe4 f5 12. Qxe6+ Kh8 13. Qxd6 Re8+ 14.
Kf1 a4 15. Ng5 Qa5 16. b4 Qa7 17. Bxf5 Nf6 18. Be3 Bxf5 19. Qf4 Bg6 20. h4 Rf8 21. Re1 Rae8 22. Kg1 h5 23. d5 Qa6 24. Ne6 Rf7 25.
Qg5 cxd5 26. Qxg6 Qxe6 27. cxd5 Qxd5 28. f3 Qe6 29. Bf2 Qd7 30. Rxe8+ Qxe8 31. Kh2 Qe5+ 32. Bg3 Qe7 33. Re1 Qf8 34. b5 Ng4+ 35. fxg4 hxg4 36. Qh5+ Kg8 37. Qxg4 Rf6 38. Qc4+ Kh8 39. Re5 Rh6 40. Qe4 Qf6 41. Re8+ 1-0